Penguins vs Thunderbirds
(R1)
Created - March 1, 2023 at 19:07
Goals
|
Penguins |
0 |
3 |
0 |
3 |
Thunderbirds |
1 |
2 |
2 |
5 |
|
Shots
|
Penguins |
11 |
12 |
7 |
30 |
Thunderbirds |
4 |
11 |
13 |
28 |
|
1st period
1. Thunderbirds , Tyson Jost 4 (Timothy Liljegren 16, Dominik Kahun 15) at 15:56
Penalties :
Iven Barbashev (Wil) for Hooking (Minor) at 1:39, Filip Hronek (Spr) for Slashing (Minor) at 5:44, Jeff Malott (Wil) for Diving (Minor) at 9:15
2nd period
2. Penguins , Iven Barbashev 21 (Matthew Tkachuk 25, Evan Rodrigues 38) at 4:35
3. Thunderbirds , Dominik Kahun 16 (Filip Hronek 18) at 5:29
4. Thunderbirds , Drake Batherson 28 (Kirill Kaprizov 35, Jacob Larsson 6) at 9:30
5. Penguins , Adam Brooks 6 (Gavin Bayreuther 35, Anthony Beauvillier 27) at 10:04
6. Penguins , Iven Barbashev 22 (Matthew Tkachuk 26, Evan Rodrigues 39) at 11:00
Penalties :
Matthew Tkachuk (Wil) for Cross-checking (Minor) at 1:47, Nicklas Jensen (Spr) for Hooking (Minor) at 6:58, Drake Batherson (Spr) for Slashing (Minor) at 12:00
3rd period
7. Thunderbirds , Blake Geoffrion 11 (Patrick Brown 33) at 2:14 (PP)
8. Thunderbirds , Griffin Reinhart 4 (Patrick Brown 34, Blake Geoffrion 11) at 4:37 (PP)
Penalties :
Victor Olofsson (Wil) for Interference (Minor) at 2:09, Andrew O'Brien (Wil) for Tripping (Minor) at 2:32, Evan Rodrigues (Wil) for High sticking (Minor) at 2:41, Matthew Tkachuk (Wil) for Tripping (Minor) at 9:27, Nicklas Jensen (Spr) for Hooking (Minor) at 13:57, Anthony Beauvillier (Wil) for Roughing (Minor) at 14:02
Goalie Stats
Connor Hellebyuk (Wil), 17 saves from 22 shots - (0.773), L, 12-5-4, 44:37 minutes
Jeremy Swayman (Wil), 6 saves from 6 shots - (1.000), 15:23 minutes
Carter Hutton (Spr), 27 saves from 30 shots - (0.900), W, 22-11-2, 60:00 minutes
Players Stats for Penguins
Player Name G A P +/- PIM S H SB GA TA FO MP PP MP PK MP
------------------------------------------------------------------------------------
Adam Brooks 1 0 1 1 0 1 3 0 0 0 1/6 16:13 2:33 2:17
Andrew O'Brien 0 0 0 1 2 1 3 0 0 1 0/0 27:00 3:34 4:47
Andy Andreoff 0 0 0 -1 0 3 1 1 0 1 1/2 17:44 3:29 4:39
Anthony Beauvillier 0 1 1 1 2 4 2 0 0 0 1/3 18:35 2:32 4:40
Brett Kulak 0 0 0 1 0 3 5 2 1 0 0/0 28:36 3:34 6:22
Dakota Mermis 0 0 0 0 0 0 4 1 1 0 0/0 20:13 2:28 3:49
Danny Biega 0 0 0 -1 0 0 0 1 0 0 0/0 12:10 0:00 0:59
Eetu Luostarinen 0 0 0 -1 0 1 1 0 0 0 2/4 9:01 0:00 0:00
Evan Rodrigues 0 2 2 1 2 1 3 2 0 0 15/33 22:31 3:29 4:30
Gavin Bayreuther 0 1 1 0 0 3 0 1 0 0 0/0 20:55 2:28 4:31
Iven Barbashev 2 0 2 1 2 3 2 0 1 0 1/1 15:39 0:13 0:15
Jeff Malott 0 0 0 -1 2 1 1 0 0 0 0/0 8:39 0:00 0:09
Jesper Boqvist 0 0 0 -1 0 0 1 0 0 0 3/7 9:54 0:00 1:55
John Marino 0 0 0 -1 0 0 0 1 0 0 0/0 11:11 0:00 0:00
Matthew Tkachuk 0 2 2 1 4 4 3 0 1 0 0/1 16:31 3:16 0:00
Max Gortz 0 0 0 -1 0 1 0 0 0 0 0/0 10:01 0:00 0:00
Sam Kurker 0 0 0 -1 0 2 2 0 0 0 0/0 7:47 0:00 0:00
Victor Olofsson 0 0 0 1 2 2 1 0 0 0 0/0 13:17 2:33 0:00
Players Stats for Thunderbirds
Player Name G A P +/- PIM S H SB GA TA FO MP PP MP PK MP
------------------------------------------------------------------------------------
Blake Geoffrion 1 1 2 -1 0 3 1 0 0 0 0/1 17:40 5:29 1:34
Dominik Kahun 1 1 2 1 0 1 1 0 0 0 0/0 8:54 0:06 0:00
Drake Batherson 1 0 1 -1 2 4 1 0 1 1 1/2 19:49 4:36 0:00
Elias Lindholm 0 0 0 -1 0 0 0 1 0 0 17/29 21:43 4:33 1:40
Filip Hronek 0 1 1 0 2 0 4 0 0 0 0/0 22:29 4:01 1:22
Griffin Reinhart 1 0 1 0 0 4 2 1 1 1 0/0 27:58 6:05 3:56
Jacob Larsson 0 1 1 1 0 1 0 1 0 1 0/0 13:33 0:00 2:33
Kale Clague 0 0 0 1 0 0 1 0 0 0 0/0 13:55 4:01 0:00
Kirill Kaprizov 0 1 1 -1 0 4 2 0 0 1 2/4 20:06 4:36 0:00
Morgan Frost 0 0 0 1 0 0 0 0 0 0 4/7 9:16 0:00 0:53
Morgan Geekie 0 0 0 1 0 0 2 0 0 0 1/1 8:57 0:09 0:00
Nicklas Jensen 0 0 0 1 4 5 0 0 0 0 0/0 10:29 0:11 1:24
Patrick Brown 0 2 2 -1 0 4 4 0 0 0 6/11 19:04 5:24 3:15
Petr Straka 0 0 0 1 0 0 1 0 0 0 0/0 8:36 0:00 0:00
Radim Simek 0 0 0 -1 0 0 1 1 0 0 0/0 19:25 0:05 3:29
Tanner Laczynski 0 0 0 -1 0 1 2 1 0 0 2/2 15:53 5:29 0:00
Timothy Liljegren 0 1 1 -1 0 0 4 0 0 0 0/0 22:41 6:10 0:44
Tyson Jost 1 0 1 1 0 1 1 0 0 0 0/0 11:32 0:00 3:18
3 Stars
1 - Dominik Kahun (Spr)
2 - Iven Barbashev (Wil)
3 - Tyson Jost (Spr)
Power Play
Penguins - 0 on 4 Attempt(s) - 0.00%
Thunderbirds - 2 on 8 Attempt(s) - 25.00%
Penalty Kill
Penguins - 6 on 8 Attempt(s) - 75.00%
- Score 0 goal in Penalty Kill
Thunderbirds - 4 on 4 Attempt(s) - 100.00%
- Score 0 goal in Penalty Kill
Team Stat
Penguins - Hits : 32 - Faceoff Wins : 24 - Blocked Shots : 9 - Penalty Minutes : 16
Thunderbirds - Hits : 27 - Faceoff Wins : 33 - Blocked Shots : 5 - Penalty Minutes : 8
Official
Referees : Frederick L'Ecuyer and Trevor Hanson
Linesman : Kyle Flemington and Derek Amell
Game Notes
Jeremy Swayman enters game at 4:37 of 3rd period
Finance
Level 1 -- Attendance: 1975 (98.75%) -- Ticket Income $69,125
Level 2 -- Attendance: 1000 (100.00%) -- Ticket Income $15,000
Total Attendance: 2975 (99.17%)
Total Ticket Income: $84,125
Other Income: $4,206
Total Income: $88,331
Penguins
5 vs 5 Forward
Center Left Wing Right Wing Time % Phy DF OF
1 Evan Rodrigues Iven Barbashev Matthew Tkachuk 40 1 2 2
2 Adam Brooks Anthony Beauvillier Victor Olofsson 30 1 2 2
3 Eetu Luostarinen Andy Andreoff Max Gortz 20 1 2 2
4 Jesper Boqvist Jeff Malott Sam Kurker 10 1 2 2
5 vs 5 Defense
Defense Defense Time % Phy DF OF
1 Andrew O'Brien Brett Kulak 40 1 2 2
2 Dakota Mermis Gavin Bayreuther 30 1 2 2
3 Danny Biega John Marino 20 1 2 2
4 Andrew O'Brien Brett Kulak 10 1 2 2
PowerPlay Forward
Center Left Wing Right Wing Time % Phy DF OF
1 Evan Rodrigues Andy Andreoff Matthew Tkachuk 60 1 2 2
2 Adam Brooks Anthony Beauvillier Victor Olofsson 40 1 2 2
PowerPlay Defense
Defense Defense Time % Phy DF OF
1 Andrew O'Brien Brett Kulak 60 1 2 2
2 Dakota Mermis Gavin Bayreuther 40 1 2 2
Penalty Kill 4 Players Forward
Center Wing Time % Phy DF OF
1 Evan Rodrigues Andy Andreoff 60 1 2 2
2 Adam Brooks Anthony Beauvillier 40 1 2 2
Penalty Kill 4 Players Defense
Defense Defense Time % Phy DF OF
1 Andrew O'Brien Brett Kulak 60 1 2 2
2 Dakota Mermis Gavin Bayreuther 40 1 2 2
Penalty Kill - 3 Players Forward
Forward Time % Phy DF OF
1 Evan Rodrigues 60 1 2 2
2 Adam Brooks 40 1 2 2
Penalty Kill - 3 Players Defense
Defense Defense Time % Phy DF OF
1 Andrew O'Brien Brett Kulak 60 1 2 2
2 Dakota Mermis Gavin Bayreuther 40 1 2 2
4 vs 4 Forward
Center Wing Time % Phy DF OF
1 Evan Rodrigues Andy Andreoff 60 1 2 2
2 Adam Brooks Anthony Beauvillier 40 1 2 2
4 vs 4 Defense
Defense Defense Time % Phy DF OF
1 Andrew O'Brien Brett Kulak 60 1 2 2
2 Dakota Mermis Gavin Bayreuther 40 1 2 2
Last Minutes Offensive
Center Left Wing Right Wing Defense Defense
Evan Rodrigues Andy Andreoff Matthew Tkachuk Andrew O'Brien Brett Kulak
Last Minutes Defensive
Center Left Wing Right Wing Defense Defense
Evan Rodrigues Andy Andreoff Matthew Tkachuk Andrew O'Brien Brett Kulak
Goaltenders
Starting : Connor Hellebyuk
Backup : Jeremy Swayman
Extra Forwards
Normal : Anthony Beauvillier, Iven Barbashev, Max Gortz - PP : Anthony Beauvillier, Iven Barbashev - PK : Anthony Beauvillier
Extra Defensemen
Normal : Gavin Bayreuther, Danny Biega, John Marino - PP : Gavin Bayreuther - PK : Gavin Bayreuther, Danny Biega
Penalty Shots
Andy Andreoff, Matthew Tkachuk, Victor Olofsson, Evan Rodrigues, Anthony Beauvillier
Scratches
Brett Pollock (Healthy), Curtis Hamilton (Healthy), Denis Malgin (Healthy), Josh Ho-Sang (Healthy), Juuso Ikonen (Healthy)
Matthew Finn (Healthy), Austin Strand (Healthy), Raphael Bussieres (Healthy), Steven Spinner (Healthy), German Rubtsov (Healthy)
Anthony Stolarz (Healthy)
Thunderbirds
5 vs 5 Forward
Center Left Wing Right Wing Time % Phy DF OF
1 Elias Lindholm Kirill Kaprizov Drake Batherson 40 0 2 3
2 Patrick Brown Blake Geoffrion Tanner Laczynski 30 0 2 3
3 Morgan Geekie Dominik Kahun Petr Straka 15 0 2 3
4 Morgan Frost Tyson Jost Nicklas Jensen 15 0 2 3
5 vs 5 Defense
Defense Defense Time % Phy DF OF
1 Griffin Reinhart Filip Hronek 40 0 2 3
2 Radim Simek Timothy Liljegren 30 0 2 3
3 Jacob Larsson Kale Clague 20 0 2 3
4 Griffin Reinhart Filip Hronek 10 0 2 3
PowerPlay Forward
Center Left Wing Right Wing Time % Phy DF OF
1 Elias Lindholm Kirill Kaprizov Drake Batherson 60 0 1 4
2 Patrick Brown Blake Geoffrion Tanner Laczynski 40 0 1 4
PowerPlay Defense
Defense Defense Time % Phy DF OF
1 Griffin Reinhart Timothy Liljegren 60 0 2 3
2 Filip Hronek Kale Clague 40 0 2 3
Penalty Kill 4 Players Forward
Center Wing Time % Phy DF OF
1 Patrick Brown Tyson Jost 60 1 3 1
2 Elias Lindholm Nicklas Jensen 40 1 3 1
Penalty Kill 4 Players Defense
Defense Defense Time % Phy DF OF
1 Griffin Reinhart Radim Simek 60 1 4 0
2 Filip Hronek Jacob Larsson 40 1 4 0
Penalty Kill - 3 Players Forward
Forward Time % Phy DF OF
1 Tyson Jost 60 1 3 1
2 Nicklas Jensen 40 1 3 1
Penalty Kill - 3 Players Defense
Defense Defense Time % Phy DF OF
1 Griffin Reinhart Radim Simek 60 1 4 0
2 Filip Hronek Jacob Larsson 40 1 4 0
4 vs 4 Forward
Center Wing Time % Phy DF OF
1 Elias Lindholm Kirill Kaprizov 60 0 2 3
2 Patrick Brown Drake Batherson 40 0 2 3
4 vs 4 Defense
Defense Defense Time % Phy DF OF
1 Griffin Reinhart Filip Hronek 60 0 2 3
2 Radim Simek Timothy Liljegren 40 0 2 3
Last Minutes Offensive
Center Left Wing Right Wing Defense Defense
Elias Lindholm Kirill Kaprizov Drake Batherson Griffin Reinhart Timothy Liljegren
Last Minutes Defensive
Center Left Wing Right Wing Defense Defense
Patrick Brown Tyson Jost Petr Straka Radim Simek Filip Hronek
Goaltenders
Starting : Carter Hutton
Backup : Phoenix Copley
Extra Forwards
Normal : Tanner Laczynski, Drake Batherson, Kirill Kaprizov - PP : Morgan Geekie, Kirill Kaprizov - PK : Nicklas Jensen
Extra Defensemen
Normal : Timothy Liljegren, Filip Hronek, Radim Simek - PP : Timothy Liljegren - PK : Filip Hronek, Timothy Liljegren
Penalty Shots
Drake Batherson, Tanner Laczynski, Petr Straka, Elias Lindholm, Kirill Kaprizov
Scratches
Austin Poganski (Healthy), Adam Ruzicka (Healthy), Charles Hudon (Healthy), Jake Walman (Healthy), John Draeger (Back Injury)
Matt Puempel (Healthy), Mitchell Heard (Healthy), Grant Hutton (Healthy), Roberts Lipsbergs (Healthy), Shane Prince (Healthy)
Viktor Baldayev (Healthy), Calvin Thurkauf (Healthy), Dylan Gambrell (Healthy), Artur Kayumov (Healthy), Artyom Zagidulin (Healthy)
% Time on Ice - Penguins
Lines # - Real PCT - Wanted PCT - Time Play
Normal Forward
1 - 35% - 40% - 14:27
2 - 26% - 30% - 10:54
3 - 22% - 20% - 9:01
4 - 18% - 10% - 7:31
Normal Defense
1 - 41% - 40% - 17:22
2 - 32% - 30% - 13:20
3 - 27% - 20% - 11:11
4 - 0% - 10% - 0:00
PP Forward
1 - 58% - 60% - 3:29
2 - 42% - 40% - 2:33
PP Defense
1 - 59% - 60% - 3:34
2 - 41% - 40% - 2:28
PK Forward
1 - 73% - 60% - 6:04
2 - 27% - 40% - 2:17
PK Defense
1 - 58% - 60% - 4:50
2 - 42% - 40% - 3:31
PK3 Forward
1 - 100% - 60% - 1:50
2 - 0% - 40% - 0:00
PK3 Defense
1 - 84% - 60% - 1:32
2 - 16% - 40% - 0:18
44 Forward
1 - 75% - 60% - 1:25
2 - 25% - 40% - 0:29
44 Defense
1 - 68% - 60% - 1:18
2 - 32% - 40% - 0:36
Last Minute Offensive - 0:00
Last Minute Defensive - 0:00
Total
Forward - 60:00
Defense - 60:00
|
% Time on Ice - Thunderbirds
Lines # - Real PCT - Wanted PCT - Time Play
Normal Forward
1 - 37% - 40% - 15:24
2 - 23% - 30% - 9:43
3 - 21% - 15% - 8:36
4 - 19% - 15% - 8:10
Normal Defense
1 - 42% - 40% - 17:40
2 - 33% - 30% - 13:59
3 - 23% - 20% - 9:33
4 - 2% - 10% - 0:41
PP Forward
1 - 47% - 60% - 4:47
2 - 53% - 40% - 5:24
PP Defense
1 - 60% - 60% - 6:05
2 - 40% - 40% - 4:06
PK Forward
1 - 72% - 60% - 4:22
2 - 28% - 40% - 1:40
PK Defense
1 - 58% - 60% - 3:29
2 - 42% - 40% - 2:33
PK3 Forward
1 - 0% - 60%
2 - 0% - 40%
PK3 Defense
1 - 0% - 60%
2 - 0% - 40%
44 Forward
1 - 67% - 60% - 1:16
2 - 33% - 40% - 0:38
44 Defense
1 - 46% - 60% - 0:53
2 - 54% - 40% - 1:01
Last Minute Offensive - 0:00
Last Minute Defensive - 0:00
Total
Forward - 60:00
Defense - 60:00
|
Play-by-Play
1st period
0:01 of 1st period - Evan Rodrigues wins face-off versus Elias Lindholm in neutral zone.
0:54 of 1st period - Snap shot by Max Gortz.
0:54 of 1st period - Stopped by Carter Hutton without a rebound.
0:55 of 1st period - Jesper Boqvist wins face-off versus Morgan Frost in Thunderbirds zone.
0:58 of 1st period - Slapshot by Gavin Bayreuther.
0:58 of 1st period - Stopped by Carter Hutton without a rebound.
0:59 of 1st period - Jesper Boqvist wins face-off versus Morgan Frost in Thunderbirds zone.
1:04 of 1st period - Wrist shot by Sam Kurker.
1:04 of 1st period - Stopped by Carter Hutton without a rebound.
1:05 of 1st period - Morgan Frost wins face-off versus Jesper Boqvist in Thunderbirds zone.
1:12 of 1st period - Slapshot by Sam Kurker.
1:12 of 1st period - Shot Blocked by Jacob Larsson.
1:14 of 1st period - Slapshot by Dakota Mermis.
1:14 of 1st period - Shot Misses the Net.
1:16 of 1st period - Wrist shot by Jesper Boqvist.
1:16 of 1st period - Shot Misses the Net.
1:18 of 1st period - Snap shot by Gavin Bayreuther.
1:18 of 1st period - Stopped by Carter Hutton with a rebound.
1:20 of 1st period - Slapshot by Dakota Mermis.
1:20 of 1st period - Deflect By Jeff Malott.
1:20 of 1st period - Stopped by Carter Hutton without a rebound.
1:21 of 1st period - Iven Barbashev wins face-off versus Elias Lindholm in Thunderbirds zone.
1:39 of 1st period - Minor Penalty to Iven Barbashev for Hooking.
1:40 of 1st period - Elias Lindholm wins face-off versus Evan Rodrigues in Penguins zone.
2:38 of 1st period - Filip Hronek is hit by Dakota Mermis and loses puck.
2:51 of 1st period - Elias Lindholm is hit by Anthony Beauvillier and loses puck.
3:38 of 1st period - Blake Geoffrion is hit by Brett Kulak and loses puck.
3:39 of 1st period - Penalty to Iven Barbashev is over, Iven Barbashev is back on ice.
4:53 of 1st period - Icing by Elias Lindholm.
4:54 of 1st period - Eetu Luostarinen wins face-off versus Elias Lindholm in Thunderbirds zone.
5:13 of 1st period - Blake Geoffrion is hit by Dakota Mermis and loses puck.
5:34 of 1st period - Snap shot by Matthew Tkachuk.
5:34 of 1st period - Stopped by Carter Hutton with a rebound.
5:36 of 1st period - Wrist shot by Andrew O'Brien.
5:36 of 1st period - Shot Misses the Net.
5:44 of 1st period - Minor Penalty to Filip Hronek for Slashing.
5:45 of 1st period - Evan Rodrigues wins face-off versus Patrick Brown in Thunderbirds zone.
7:16 of 1st period - Jacob Larsson is hit by Matthew Tkachuk and loses puck.
7:44 of 1st period - Penalty to Filip Hronek is over, Filip Hronek is back on ice.
8:01 of 1st period - Snap shot by Sam Kurker.
8:01 of 1st period - Shot Misses the Net.
8:39 of 1st period - Snap shot by Drake Batherson.
8:39 of 1st period - Deflect By Kirill Kaprizov.
8:39 of 1st period - Stopped by Connor Hellebyuk with a rebound.
8:41 of 1st period - Snap shot by Kirill Kaprizov.
8:41 of 1st period - Stopped by Connor Hellebyuk without a rebound.
8:42 of 1st period - Tanner Laczynski wins face-off versus Adam Brooks in Penguins zone.
9:15 of 1st period - Minor Penalty to Jeff Malott for Diving.
9:16 of 1st period - Evan Rodrigues wins face-off versus Blake Geoffrion in Penguins zone.
10:01 of 1st period - Timothy Liljegren is hit by Brett Kulak and loses puck.
11:12 of 1st period - Andy Andreoff is hit by Timothy Liljegren and loses puck.
11:15 of 1st period - Penalty to Jeff Malott is over, Jeff Malott is back on ice.
11:33 of 1st period - Evan Rodrigues is hit by Griffin Reinhart and loses puck.
12:39 of 1st period - Iven Barbashev is hit by Timothy Liljegren and loses puck.
13:03 of 1st period - Anthony Beauvillier is hit by Tanner Laczynski and loses puck.
13:18 of 1st period - Radim Simek is hit by Evan Rodrigues and loses puck.
13:31 of 1st period - Nicklas Jensen is hit by Dakota Mermis and loses puck.
13:36 of 1st period - Snap shot by Andy Andreoff.
13:36 of 1st period - Shot Misses the Net.
13:38 of 1st period - Wrist shot by Andy Andreoff.
13:38 of 1st period - Shot Misses the Net.
13:59 of 1st period - Adam Brooks is hit by Kale Clague.
14:03 of 1st period - Anthony Beauvillier is hit by Petr Straka and loses puck.
14:27 of 1st period - Off-side.
14:28 of 1st period - Morgan Frost wins face-off versus Eetu Luostarinen in neutral zone.
14:41 of 1st period - Snap shot by Andy Andreoff.
14:41 of 1st period - Stopped by Carter Hutton without a rebound.
14:42 of 1st period - Kirill Kaprizov wins face-off versus Evan Rodrigues in Thunderbirds zone.
14:51 of 1st period - Snap shot by Drake Batherson.
14:51 of 1st period - Shot Misses the Net.
15:56 of 1st period - Snap shot by Tyson Jost.
15:56 of 1st period - Goal by Tyson Jost - Penguins : 0 - Thunderbirds : 1.
15:57 of 1st period - Evan Rodrigues wins face-off versus Elias Lindholm in neutral zone.
16:23 of 1st period - Matthew Tkachuk is hit by Tyson Jost and loses puck.
16:45 of 1st period - Wrist shot by Anthony Beauvillier.
16:45 of 1st period - Stopped by Carter Hutton with a rebound.
16:51 of 1st period - Andrew O'Brien is hit by Patrick Brown.
17:33 of 1st period - Slapshot by Dakota Mermis.
17:33 of 1st period - Deflect By Max Gortz.
17:33 of 1st period - Shot Misses the Net.
17:33 of 1st period - Puck is out of play.
17:34 of 1st period - Elias Lindholm wins face-off versus Eetu Luostarinen in Thunderbirds zone.
17:39 of 1st period - Slapshot by Andy Andreoff.
17:39 of 1st period - Stopped by Carter Hutton without a rebound.
17:40 of 1st period - Elias Lindholm wins face-off versus Evan Rodrigues in Thunderbirds zone.
18:30 of 1st period - Wrist shot by Nicklas Jensen.
18:30 of 1st period - Stopped by Connor Hellebyuk without a rebound.
18:31 of 1st period - Anthony Beauvillier wins face-off versus Morgan Frost in Penguins zone.
18:36 of 1st period - Wrist shot by Anthony Beauvillier.
18:36 of 1st period - Stopped by Carter Hutton with a rebound.
19:26 of 1st period - Snap shot by Brett Kulak.
19:26 of 1st period - Stopped by Carter Hutton without a rebound.
19:27 of 1st period - Evan Rodrigues wins face-off versus Drake Batherson in Thunderbirds zone.
19:47 of 1st period - Gavin Bayreuther is hit by Kirill Kaprizov and loses puck.
Goals for this period are 0 for Penguins vs 1 for Thunderbirds.
Shots for this period are 11 for Penguins vs 4 for Thunderbirds.
2nd period
0:01 of 2nd period - Evan Rodrigues wins face-off versus Elias Lindholm in neutral zone.
0:01 of 2nd period - Evan Rodrigues is hit by Drake Batherson.
0:28 of 2nd period - Wrist shot by Iven Barbashev.
0:28 of 2nd period - Shot Misses the Net.
0:34 of 2nd period - Adam Brooks is hit by Patrick Brown and loses puck.
1:47 of 2nd period - Minor Penalty to Matthew Tkachuk for Cross-checking.
1:48 of 2nd period - Evan Rodrigues wins face-off versus Elias Lindholm in Penguins zone.
3:10 of 2nd period - Icing by Drake Batherson.
3:11 of 2nd period - Patrick Brown wins face-off versus Jesper Boqvist in Thunderbirds zone.
3:47 of 2nd period - Penalty to Matthew Tkachuk is over, Matthew Tkachuk is back on ice.
4:02 of 2nd period - Petr Straka is hit by Victor Olofsson and loses puck.
4:21 of 2nd period - Slapshot by Griffin Reinhart.
4:21 of 2nd period - Deflect By Jesper Boqvist.
4:21 of 2nd period - Stopped by Connor Hellebyuk with a rebound.
4:23 of 2nd period - Snap shot by Tyson Jost.
4:23 of 2nd period - Shot Misses the Net.
4:25 of 2nd period - Slapshot by Griffin Reinhart.
4:25 of 2nd period - Deflect By Nicklas Jensen.
4:25 of 2nd period - Shot Blocked by Danny Biega.
4:25 of 2nd period - Puck is out of play.
4:26 of 2nd period - Evan Rodrigues wins face-off versus Elias Lindholm in Penguins zone.
4:35 of 2nd period - Wrist shot by Iven Barbashev.
4:35 of 2nd period - Goal by Iven Barbashev - Penguins : 1 - Thunderbirds : 1.
4:36 of 2nd period - Elias Lindholm wins face-off versus Evan Rodrigues in neutral zone.
4:49 of 2nd period - Jacob Larsson is hit by Matthew Tkachuk and loses puck.
5:22 of 2nd period - Dominik Kahun is hit by Andrew O'Brien and loses puck.
5:29 of 2nd period - Slapshot by Dominik Kahun.
5:29 of 2nd period - Deflect By Andy Andreoff.
5:29 of 2nd period - Goal by Dominik Kahun - Penguins : 1 - Thunderbirds : 2.
5:30 of 2nd period - Elias Lindholm wins face-off versus Evan Rodrigues in neutral zone.
5:32 of 2nd period - Off-side.
5:33 of 2nd period - Elias Lindholm wins face-off versus Evan Rodrigues in neutral zone.
5:43 of 2nd period - Wrist shot by Drake Batherson.
5:43 of 2nd period - Stopped by Connor Hellebyuk without a rebound.
5:44 of 2nd period - Elias Lindholm wins face-off versus Evan Rodrigues in Penguins zone.
6:12 of 2nd period - Slapshot by Anthony Beauvillier.
6:12 of 2nd period - Stopped by Carter Hutton with a rebound.
6:58 of 2nd period - Minor Penalty to Nicklas Jensen for Hooking.
6:59 of 2nd period - Patrick Brown wins face-off versus Andy Andreoff in Thunderbirds zone.
7:08 of 2nd period - Off-side.
7:09 of 2nd period - Andy Andreoff wins face-off versus Patrick Brown in neutral zone.
7:14 of 2nd period - Slapshot by Evan Rodrigues.
7:14 of 2nd period - Shot Misses the Net.
7:16 of 2nd period - Snap shot by Matthew Tkachuk.
7:16 of 2nd period - Shot Blocked by Radim Simek.
7:18 of 2nd period - Snap shot by Dakota Mermis.
7:18 of 2nd period - Shot Misses the Net.
7:24 of 2nd period - Snap shot by Matthew Tkachuk.
7:24 of 2nd period - Stopped by Carter Hutton with a rebound.
7:26 of 2nd period - Slapshot by Dakota Mermis.
7:26 of 2nd period - Shot Misses the Net.
7:28 of 2nd period - Wrist shot by Matthew Tkachuk.
7:28 of 2nd period - Stopped by Carter Hutton without a rebound.
7:29 of 2nd period - Patrick Brown wins face-off versus Adam Brooks in Thunderbirds zone.
8:00 of 2nd period - Griffin Reinhart is hit by Matthew Tkachuk and loses puck.
8:58 of 2nd period - Penalty to Nicklas Jensen is over, Nicklas Jensen is back on ice.
9:01 of 2nd period - Snap shot by Patrick Brown.
9:01 of 2nd period - Deflect By Nicklas Jensen.
9:01 of 2nd period - Stopped by Connor Hellebyuk without a rebound.
9:02 of 2nd period - Drake Batherson wins face-off versus Jesper Boqvist in Penguins zone.
9:09 of 2nd period - Snap shot by Kirill Kaprizov.
9:09 of 2nd period - Stopped by Connor Hellebyuk without a rebound.
9:10 of 2nd period - Jesper Boqvist wins face-off versus Elias Lindholm in Penguins zone.
9:28 of 2nd period - Snap shot by Kirill Kaprizov.
9:28 of 2nd period - Stopped by Connor Hellebyuk with a rebound.
9:30 of 2nd period - Wrist shot by Drake Batherson.
9:30 of 2nd period - Goal by Drake Batherson - Penguins : 1 - Thunderbirds : 3.
9:31 of 2nd period - Patrick Brown wins face-off versus Evan Rodrigues in neutral zone.
9:42 of 2nd period - Wrist shot by Matthew Tkachuk.
9:42 of 2nd period - Shot Blocked by Griffin Reinhart.
9:46 of 2nd period - Wrist shot by Matthew Tkachuk.
9:46 of 2nd period - Shot Blocked by Tanner Laczynski.
10:00 of 2nd period - Slapshot by Anthony Beauvillier.
10:00 of 2nd period - Shot Misses the Net.
10:02 of 2nd period - Slapshot by Gavin Bayreuther.
10:02 of 2nd period - Stopped by Carter Hutton with a rebound.
10:04 of 2nd period - Snap shot by Adam Brooks.
10:04 of 2nd period - Deflect By Griffin Reinhart.
10:04 of 2nd period - Goal by Adam Brooks - Penguins : 2 - Thunderbirds : 3.
10:05 of 2nd period - Elias Lindholm wins face-off versus Evan Rodrigues in neutral zone.
10:39 of 2nd period - Wrist shot by Iven Barbashev.
10:39 of 2nd period - Stopped by Carter Hutton with a rebound.
11:00 of 2nd period - Wrist shot by Iven Barbashev.
11:00 of 2nd period - Goal by Iven Barbashev - Penguins : 3 - Thunderbirds : 3.
11:01 of 2nd period - Kirill Kaprizov wins face-off versus Anthony Beauvillier in neutral zone.
11:01 of 2nd period - Kirill Kaprizov is hit by Dakota Mermis.
11:53 of 2nd period - Snap shot by Andy Andreoff.
11:53 of 2nd period - Shot Misses the Net.
11:55 of 2nd period - Slapshot by Brett Kulak.
11:55 of 2nd period - Stopped by Carter Hutton with a rebound.
11:57 of 2nd period - Snap shot by Eetu Luostarinen.
11:57 of 2nd period - Stopped by Carter Hutton without a rebound.
11:58 of 2nd period - Elias Lindholm wins face-off versus Evan Rodrigues in Thunderbirds zone.
12:00 of 2nd period - Minor Penalty to Drake Batherson for Slashing.
12:01 of 2nd period - Evan Rodrigues wins face-off versus Patrick Brown in Thunderbirds zone.
13:46 of 2nd period - Andrew O'Brien is hit by Filip Hronek.
13:50 of 2nd period - Matthew Tkachuk is hit by Filip Hronek and loses puck.
14:00 of 2nd period - Penalty to Drake Batherson is over, Drake Batherson is back on ice.
14:01 of 2nd period - Evan Rodrigues is hit by Radim Simek and loses puck.
14:10 of 2nd period - Snap shot by Blake Geoffrion.
14:10 of 2nd period - Stopped by Connor Hellebyuk without a rebound.
14:11 of 2nd period - Elias Lindholm wins face-off versus Jesper Boqvist in Penguins zone.
14:50 of 2nd period - Snap shot by Tanner Laczynski.
14:50 of 2nd period - Shot Misses the Net.
15:15 of 2nd period - Dakota Mermis is hit by Dominik Kahun and loses puck.
15:48 of 2nd period - Wrist shot by Drake Batherson.
15:48 of 2nd period - Shot Blocked by Gavin Bayreuther.
15:50 of 2nd period - Slapshot by Timothy Liljegren.
15:50 of 2nd period - Deflect By Kirill Kaprizov.
15:50 of 2nd period - Shot Blocked by Dakota Mermis.
15:50 of 2nd period - Puck is out of play.
15:51 of 2nd period - Eetu Luostarinen wins face-off versus Elias Lindholm in Penguins zone.
16:35 of 2nd period - Slapshot by Victor Olofsson.
16:35 of 2nd period - Stopped by Carter Hutton with a rebound.
16:41 of 2nd period - Snap shot by Petr Straka.
16:41 of 2nd period - Shot Misses the Net.
16:43 of 2nd period - Wrist shot by Dominik Kahun.
16:43 of 2nd period - Shot Blocked by Brett Kulak.
16:58 of 2nd period - Elias Lindholm is hit by Andrew O'Brien and loses puck.
17:17 of 2nd period - Griffin Reinhart is hit by Iven Barbashev and loses puck.
17:42 of 2nd period - Jesper Boqvist is hit by Patrick Brown and loses puck.
17:57 of 2nd period - Griffin Reinhart is hit by Brett Kulak and loses puck.
18:04 of 2nd period - Petr Straka is hit by Iven Barbashev and loses puck.
18:43 of 2nd period - Griffin Reinhart is hit by Anthony Beauvillier and loses puck.
19:27 of 2nd period - Eetu Luostarinen is hit by Blake Geoffrion and loses puck.
19:34 of 2nd period - Snap shot by Patrick Brown.
19:34 of 2nd period - Stopped by Connor Hellebyuk with a rebound.
19:36 of 2nd period - Wrist shot by Tanner Laczynski.
19:36 of 2nd period - Stopped by Connor Hellebyuk with a rebound.
19:38 of 2nd period - Snap shot by Patrick Brown.
19:38 of 2nd period - Stopped by Connor Hellebyuk without a rebound.
19:39 of 2nd period - Adam Brooks wins face-off versus Kirill Kaprizov in Penguins zone.
19:50 of 2nd period - Snap shot by Victor Olofsson.
19:50 of 2nd period - Stopped by Carter Hutton with a rebound.
Goals for this period are 3 for Penguins vs 2 for Thunderbirds.
Shots for this period are 12 for Penguins vs 11 for Thunderbirds.
3rd period
0:01 of 3rd period - Evan Rodrigues wins face-off versus Elias Lindholm in neutral zone.
0:04 of 3rd period - Snap shot by Matthew Tkachuk.
0:04 of 3rd period - Shot Misses the Net.
0:06 of 3rd period - Snap shot by Andrew O'Brien.
0:06 of 3rd period - Stopped by Carter Hutton with a rebound.
0:08 of 3rd period - Snap shot by Matthew Tkachuk.
0:08 of 3rd period - Stopped by Carter Hutton without a rebound.
0:09 of 3rd period - Evan Rodrigues wins face-off versus Elias Lindholm in Thunderbirds zone.
0:10 of 3rd period - Wrist shot by Iven Barbashev.
0:10 of 3rd period - Shot Blocked by Elias Lindholm.
0:12 of 3rd period - Snap shot by Evan Rodrigues.
0:12 of 3rd period - Shot Misses the Net.
0:14 of 3rd period - Slapshot by Brett Kulak.
0:14 of 3rd period - Stopped by Carter Hutton without a rebound.
0:15 of 3rd period - Elias Lindholm wins face-off versus Evan Rodrigues in Thunderbirds zone.
0:22 of 3rd period - Backhand shot by Drake Batherson.
0:22 of 3rd period - Stopped by Connor Hellebyuk with a rebound.
0:42 of 3rd period - Brett Kulak is hit by Filip Hronek and loses puck.
1:34 of 3rd period - Snap shot by Nicklas Jensen.
1:34 of 3rd period - Stopped by Connor Hellebyuk without a rebound.
1:35 of 3rd period - Elias Lindholm wins face-off versus Adam Brooks in Penguins zone.
2:09 of 3rd period - Minor Penalty to Victor Olofsson for Interference.
2:10 of 3rd period - Tanner Laczynski wins face-off versus Evan Rodrigues in Penguins zone.
2:10 of 3rd period - Snap shot by Blake Geoffrion.
2:10 of 3rd period - Shot Blocked by Andy Andreoff.
2:12 of 3rd period - Wrist shot by Tanner Laczynski.
2:12 of 3rd period - Deflect By Blake Geoffrion.
2:12 of 3rd period - Shot Misses the Net.
2:12 of 3rd period - Puck is out of play.
2:13 of 3rd period - Patrick Brown wins face-off versus Evan Rodrigues in Penguins zone.
2:14 of 3rd period - Wrist shot by Blake Geoffrion.
2:14 of 3rd period - Goal by Blake Geoffrion - Penguins : 3 - Thunderbirds : 4.
2:15 of 3rd period - Elias Lindholm wins face-off versus Evan Rodrigues in neutral zone.
2:15 of 3rd period - Elias Lindholm is hit by Evan Rodrigues.
2:32 of 3rd period - Minor Penalty to Andrew O'Brien for Tripping.
2:33 of 3rd period - Evan Rodrigues wins face-off versus Kirill Kaprizov in Penguins zone.
2:41 of 3rd period - Minor Penalty to Evan Rodrigues for High sticking.
2:42 of 3rd period - Elias Lindholm wins face-off versus Anthony Beauvillier in Penguins zone.
3:32 of 3rd period - Anthony Beauvillier is hit by Timothy Liljegren and loses puck.
3:49 of 3rd period - Backhand shot by Patrick Brown.
3:49 of 3rd period - Deflect By Anthony Beauvillier.
3:49 of 3rd period - Stopped by Connor Hellebyuk with a rebound.
3:51 of 3rd period - Backhand shot by Blake Geoffrion.
3:51 of 3rd period - Stopped by Connor Hellebyuk with a rebound.
3:53 of 3rd period - Snap shot by Patrick Brown.
3:53 of 3rd period - Shot Misses the Net.
4:22 of 3rd period - Jesper Boqvist is hit by Tanner Laczynski and loses puck.
4:31 of 3rd period - Snap shot by Blake Geoffrion.
4:31 of 3rd period - Deflect By Patrick Brown.
4:31 of 3rd period - Stopped by Connor Hellebyuk with a rebound.
4:32 of 3rd period - Penalty to Andrew O'Brien is over, Andrew O'Brien is back on ice.
4:37 of 3rd period - Wrist shot by Griffin Reinhart.
4:37 of 3rd period - Deflect By Dakota Mermis.
4:37 of 3rd period - Goal by Griffin Reinhart - Penguins : 3 - Thunderbirds : 5.
4:37 of 3rd period - Jeremy Swayman enters game.
4:38 of 3rd period - Evan Rodrigues wins face-off versus Elias Lindholm in neutral zone.
5:03 of 3rd period - Gavin Bayreuther is hit by Morgan Geekie and loses puck.
5:27 of 3rd period - Slapshot by Jacob Larsson.
5:27 of 3rd period - Stopped by Jeremy Swayman with a rebound.
5:29 of 3rd period - Snap shot by Nicklas Jensen.
5:29 of 3rd period - Shot Misses the Net.
5:31 of 3rd period - Slapshot by Jacob Larsson.
5:31 of 3rd period - Shot Blocked by John Marino.
5:33 of 3rd period - Wrist shot by Nicklas Jensen.
5:33 of 3rd period - Stopped by Jeremy Swayman with a rebound.
5:43 of 3rd period - John Marino is hit by Filip Hronek and loses puck.
5:50 of 3rd period - Radim Simek is hit by Sam Kurker and loses puck.
6:13 of 3rd period - Wrist shot by Sam Kurker.
6:13 of 3rd period - Stopped by Carter Hutton without a rebound.
6:14 of 3rd period - Morgan Frost wins face-off versus Evan Rodrigues in Thunderbirds zone.
7:46 of 3rd period - Wrist shot by Nicklas Jensen.
7:46 of 3rd period - Shot Misses the Net.
8:00 of 3rd period - Victor Olofsson is hit by Patrick Brown and loses puck.
8:43 of 3rd period - Snap shot by Evan Rodrigues.
8:43 of 3rd period - Stopped by Carter Hutton with a rebound.
8:45 of 3rd period - Slapshot by Brett Kulak.
8:45 of 3rd period - Shot Misses the Net.
9:01 of 3rd period - Tyson Jost is hit by Jesper Boqvist and loses puck.
9:08 of 3rd period - Snap shot by Griffin Reinhart.
9:08 of 3rd period - Stopped by Jeremy Swayman with a rebound.
9:10 of 3rd period - Wrist shot by Morgan Frost.
9:10 of 3rd period - Shot Misses the Net.
9:12 of 3rd period - Slapshot by Nicklas Jensen.
9:12 of 3rd period - Stopped by Jeremy Swayman without a rebound.
9:13 of 3rd period - Evan Rodrigues wins face-off versus Patrick Brown in Penguins zone.
9:27 of 3rd period - Minor Penalty to Matthew Tkachuk for Tripping.
9:28 of 3rd period - Elias Lindholm wins face-off versus Evan Rodrigues in Penguins zone.
9:32 of 3rd period - Snap shot by Kirill Kaprizov.
9:32 of 3rd period - Shot Blocked by Evan Rodrigues.
9:34 of 3rd period - Wrist shot by Drake Batherson.
9:34 of 3rd period - Shot Hit the Post.
9:36 of 3rd period - Slapshot by Timothy Liljegren.
9:36 of 3rd period - Shot Blocked by Evan Rodrigues.
9:38 of 3rd period - Wrist shot by Drake Batherson.
9:38 of 3rd period - Stopped by Jeremy Swayman without a rebound.
9:39 of 3rd period - Elias Lindholm wins face-off versus Evan Rodrigues in Penguins zone.
11:00 of 3rd period - Griffin Reinhart is hit by Adam Brooks and loses puck.
11:27 of 3rd period - Penalty to Matthew Tkachuk is over, Matthew Tkachuk is back on ice.
12:47 of 3rd period - Radim Simek is hit by Andrew O'Brien and loses puck.
12:58 of 3rd period - Andrew O'Brien is hit by Morgan Geekie and loses puck.
13:45 of 3rd period - Griffin Reinhart is hit by Eetu Luostarinen.
13:54 of 3rd period - Off-side.
13:55 of 3rd period - Morgan Frost wins face-off versus Matthew Tkachuk in neutral zone.
13:57 of 3rd period - Minor Penalty to Nicklas Jensen for Hooking.
13:58 of 3rd period - Patrick Brown wins face-off versus Adam Brooks in Thunderbirds zone.
14:02 of 3rd period - Minor Penalty to Anthony Beauvillier for Roughing.
14:03 of 3rd period - Elias Lindholm wins face-off versus Evan Rodrigues in Penguins zone.
14:16 of 3rd period - Snap shot by Elias Lindholm.
14:16 of 3rd period - Shot Misses the Net.
14:45 of 3rd period - Adam Brooks is hit by Timothy Liljegren.
14:51 of 3rd period - Slapshot by Griffin Reinhart.
14:51 of 3rd period - Stopped by Jeremy Swayman without a rebound.
14:52 of 3rd period - Evan Rodrigues wins face-off versus Patrick Brown in Penguins zone.
15:15 of 3rd period - Griffin Reinhart is hit by Adam Brooks and loses puck.
15:24 of 3rd period - Timothy Liljegren is hit by Adam Brooks.
15:30 of 3rd period - Snap shot by Patrick Brown.
15:30 of 3rd period - Shot Misses the Net.
15:32 of 3rd period - Slapshot by Radim Simek.
15:32 of 3rd period - Shot Blocked by Brett Kulak.
15:34 of 3rd period - Slapshot by Timothy Liljegren.
15:34 of 3rd period - Shot Misses the Net.
15:36 of 3rd period - Wrist shot by Patrick Brown.
15:36 of 3rd period - Shot Misses the Net.
15:57 of 3rd period - Penalty to Nicklas Jensen is over, Nicklas Jensen is back on ice.
16:02 of 3rd period - Penalty to Anthony Beauvillier is over, Anthony Beauvillier is back on ice.
16:22 of 3rd period - Tanner Laczynski is hit by Jeff Malott and loses puck.
16:31 of 3rd period - Snap shot by Anthony Beauvillier.
16:31 of 3rd period - Stopped by Carter Hutton without a rebound.
16:32 of 3rd period - Morgan Geekie wins face-off versus Adam Brooks in Thunderbirds zone.
17:02 of 3rd period - Wrist shot by Andy Andreoff.
17:02 of 3rd period - Stopped by Carter Hutton with a rebound.
17:44 of 3rd period - Victor Olofsson is hit by Kirill Kaprizov and loses puck.
18:07 of 3rd period - Nicklas Jensen is hit by Sam Kurker and loses puck.
18:25 of 3rd period - Timothy Liljegren is hit by Evan Rodrigues and loses puck.
18:46 of 3rd period - Filip Hronek is hit by Brett Kulak and loses puck.
19:05 of 3rd period - Brett Kulak is hit by Griffin Reinhart and loses puck.
19:18 of 3rd period - Nicklas Jensen is hit by Brett Kulak and loses puck.
19:49 of 3rd period - Griffin Reinhart is hit by Andy Andreoff and loses puck.
Goals for this period are 0 for Penguins vs 2 for Thunderbirds.
Shots for this period are 7 for Penguins vs 13 for Thunderbirds.